 Dungeon Crawl Stone Soup version 0.30-a0-860-g512cf1e979 (webtiles) character file.

Game seed: 11923425470523051380

1618 jasper the Cleaver (level 8, 0/60 HPs)
             Began as a Demonspawn Fighter on Mar 7, 2023.
             Was a Follower of Ru.
             Slain by Pimp's ghost (7 damage)
             ... on level 4 of the Dungeon.
             The game lasted 00:08:42 (4767 turns).

jasper the Cleaver (Demonspawn Fighter)             Turns: 4767, Time: 00:08:43

Health: 0/60       AC: 18    Str: 18    XL:     8   Next: 64%
Magic:  8/8        EV: 12    Int:  9    God:    Ru [*.....]
Gold:   377        SH:  5    Dex: 14    Spells: 7/7 levels left

rFire   . . .      SeeInvis .    a - +0 war axe (freeze)
rCold   . . .      Faith    .    (no shield)
rNeg    . . .      Spirit   .    j - +1 chain mail
rPois   .          Reflect  +    (helmet restricted)
rElec   .          Rampage  .    (no cloak)
rCorr   +                        (no gloves)
Will    .....                    (no boots) Stlth
                                 q - amulet of reflection
HPRegen 0.30/turn                u - +4 ring of protection
MPRegen 0.11/turn                h - +5 ring of evasion

@: no status effects
A: antennae 1, yellow scales 3, no earth magic, no summoning magic, no
transmutations magic
a: Renounce Religion


You were on level 4 of the Dungeon.
You worshipped Ru.
Ru was aware of your devotion.
You visited 1 branch of the dungeon, and saw 9 of its levels.

You collected 377 gold pieces.

Inventory:

Hand Weapons
 a - a +0 war axe of freezing (weapon)
 f - a +0 broad axe
Missiles
 e - 43 stones
 l - 8 poisoned darts
 m - 6 boomerangs (quivered)
Armour
 b - a +0 scale mail
 c - a +0 buckler
 j - a +1 chain mail (worn)
 r - an orb of mayhem
Jewellery
 h - a +5 ring of evasion (right hand)
 i - an amulet of magic regeneration
 k - a ring of poison resistance
 q - an amulet of reflection (around neck)
 s - an amulet of the acrobat
 u - a +4 ring of protection (left hand)
Scrolls
 d - 4 scrolls of identify
 p - 2 scrolls of enchant weapon
Potions
 g - 4 potions of mutation
 n - a potion of lignification
 o - a potion of magic


   Skills:
 + Level 4.1 Fighting
 * Level 9.5 Axes
 + Level 3.8 Armour
 - Level 2.6 Shields


You had 7 spell levels left.
You didn't know any spells.
Your spell library contained the following spells:

 Spells                   Type           Power      Damage    Failure   Level
 Lesser Beckoning         Tloc           0%         N/A       100%        2
 Gell's Gravitas          Tloc           0%         N/A       100%        3
 Ozocubu's Armour         Ice            0%         N/A       100%        3
 Teleport Other           Tloc           0%         N/A       100%        3
 Ozocubu's Refrigeration  Ice            0%         4d7       100%        7


Dungeon Overview and Level Annotations

Branches:
Dungeon (9/15)
 Temple: D:4-7         Lair: D:8-11         Orc: D:9-12

Altars:
Ru
Uskayaw

Shops:
D:4 =

Annotations:
D:4 Pimp's ghost, novice AtFi


Innate Abilities, Weirdness & Mutations

You have a pair of small antennae on your head.
You are completely covered in yellow scales. (AC +4, rCorr)
You cannot study or cast Earth magic.
You cannot study or cast Summoning magic.
You cannot study or cast Transmutations magic.


Message History

You hit Pimp's ghost. You freeze Pimp's ghost.
Pimp's ghost is severely damaged.
Pimp's ghost hits you! Pimp's ghost closely misses you.
You take 16 damage, and have 19/60 hp.
MASSIVE DAMAGE!!
You hit Pimp's ghost but do no damage.
Pimp's ghost is severely damaged.
Pimp's ghost barely misses you.
You hit Pimp's ghost. You freeze Pimp's ghost.
Pimp's ghost is almost destroyed.
Pimp's ghost hits you.
* * * LOW HITPOINT WARNING * * *
You take 5 damage, and have 15/60 hp.
Okay, then.
You hit Pimp's ghost. You freeze Pimp's ghost.
Pimp's ghost is almost destroyed.
Pimp's ghost hits you.
* * * LOW HITPOINT WARNING * * *
You take 4 damage, and have 11/60 hp.
You hit Pimp's ghost but do no damage.
Pimp's ghost is almost destroyed.
Pimp's ghost hits you.
* * * LOW HITPOINT WARNING * * *
You take 5 damage, and have 6/60 hp.
You aren't carrying any items that you can evoke.
Unknown command.
You hit Pimp's ghost but do no damage.
Pimp's ghost is almost destroyed.
Pimp's ghost hits you but does no damage.
You hit Pimp's ghost but do no damage.
You punch Pimp's ghost, but do no damage.
Pimp's ghost is almost destroyed.
Pimp's ghost hits you but does no damage.
Okay, then.
You hit Pimp's ghost but do no damage.
Pimp's ghost is almost destroyed.
Pimp's ghost hits you but does no damage.
You hit Pimp's ghost but do no damage.
Pimp's ghost is almost destroyed.
Pimp's ghost hits you!
You die...

.......#
#........>.....#.....###
......##
#...............####....
......#
##..............##
#.)... .....##
#...............#
##..... .....#
#..............##
#...... ....##
#..............#
##...... ###.#
##........####.##
#....... ...##
#.........#..#.#
#....... ....#
#........@W$8#.#
##.......
.∩..####.........#..###
#........
....#.###........####
#........
...#..###...........#
#........
#####..#...#........#
##....... #
#..#..####.....##
#......# # ##...##
###..## #....### #...#
#### #.#### ##.## ###


You could see Pimp's ghost.

Vanquished Creatures
  Joseph (D:8)
  A yak (D:8)
  3 water moccasins
  An orc warrior (D:8)
  Blork the orc (D:7)
  A bullfrog (D:8)
  4 scorpions
  A howler monkey (D:4)
  2 hounds
  An orc priest (D:4)
  2 iguanas (D:4)
  2 orc wizards (D:3)
  An adder (D:3)
  A white imp (D:7)
  2 dart slugs
  13 orcs
  5 bats
  4 endoplasms
  A giant cockroach (D:2)
  4 goblins
  7 hobgoblins
  2 jackals (D:1)
  11 kobolds
  6 quokkas
  3 ball pythons
  A frilled lizard (D:3)
  4 rats
85 creatures vanquished.

Vanquished Creatures (others)
  A centaur (D:8)
  A scorpion (D:7)
  2 withered plants (D:4)
4 creatures vanquished.

Grand Total: 89 creatures vanquished

Notes
Turn   | Place    | Note
-------+----------+-------------------------------------------
     0 | D:1      | jasper the Demonspawn Fighter began the quest for the Orb.
     0 | D:1      | Reached XP level 1. HP: 18/18 MP: 1/1
    32 | D:1      | Reached skill level 2 in Axes
   286 | D:1      | Found a faded altar of an unknown god.
   296 | D:1      | Prayed at the altar of an unknown god.
   296 | D:1      | Became a worshipper of Ru the Awakened
   303 | D:1      | Gained mutation: You cannot study or cast Earth magic. [Ru
                  | sacrifice]
   303 | D:1      | Gained mutation: You cannot study or cast Transmutations
                  | magic. [Ru sacrifice]
   303 | D:1      | Gained mutation: You cannot study or cast Summoning magic.
                  | [Ru sacrifice]
   303 | D:1      | Reached * piety under Ru
   508 | D:1      | Gained mutation: You are partially covered in yellow
                  | scales. (AC +2) [demonic ancestry]
   508 | D:1      | Reached XP level 2. HP: 20/24 MP: 2/2
   767 | D:2      | Reached skill level 3 in Axes
   906 | D:2      | Gained mutation: You are mostly covered in yellow scales.
                  | (AC +3) [demonic ancestry]
   906 | D:2      | Reached XP level 3. HP: 29/29 MP: 3/3
  1804 | D:3      | Noticed a water moccasin
  1818 | D:3      | Killed a water moccasin
  1819 | D:3      | Reached skill level 5 in Axes
  1819 | D:3      | Reached XP level 4. HP: 27/35 MP: 4/4
  1819 | D:3      | Gained mutation: You have a pair of small antennae on your
                  | head. [demonic ancestry]
  1819 | D:3      | Reached XP level 5. HP: 32/41 MP: 5/5
  1901 | D:3      | Noticed a water moccasin
  1914 | D:3      | Killed a water moccasin
  2531 | D:4      | Reached XP level 6. HP: 30/47 MP: 6/6
  2647 | D:3      | Reached skill level 6 in Axes
  3051 | D:4      | You fall into a shaft and drop 3 floors!
  3096 | D:7      | Noticed a yak
  3096 | D:7      | Noticed a yak
  3114 | D:7      | Noticed a yak
  3139 | D:8      | Killed a yak
  3297 | D:7      | Found a hide-covered altar of Uskayaw.
  3329 | D:9      | Noticed a water moccasin
  3333 | D:8      | Noticed an orc warrior
  3338 | D:8      | Noticed Joseph
  3360 | D:8      | Reached skill level 7 in Axes
  3360 | D:8      | Gained mutation: You are completely covered in yellow
                  | scales. (AC +4, rCorr) [demonic ancestry]
  3360 | D:8      | Reached XP level 7. HP: 36/52 MP: 7/7
  3406 | D:8      | Killed Joseph
  3407 | D:8      | Reached skill level 8 in Axes
  3407 | D:8      | Reached XP level 8. HP: 46/58 MP: 8/8
  3782 | D:6      | Noticed Blork the orc
  3797 | D:7      | Killed Blork the orc
  3810 | D:6      | Reached skill level 9 in Axes
  3857 | D:5      | Entered Level 5 of the Dungeon
  3944 | D:4      | Found Reyt Nex's One-of-a-Kind Rings.
  3963 | D:4      | Found a runed translucent door.
  3964 | D:4      | Noticed Pimp's ghost (novice AtFi)
  4767 | D:4      | Slain by Pimp's ghost

Illustrated notes

Levels and vault maps discovered:
D:1:      zaba_arrival_water, layout_loops_cross,
          ebering_ecumenical_altar_petrified
D:2:      layout_basic
D:3:      layout_rooms
D:4:      layout_cave_pods, gammafunk_ghost_grave, nicolae_shop_unique_rings
D:5:      nicolae_cairo_tiling_large_dashed, layout_loops_corners,
          mainiacjoe_overflow_brackets, minmay_temple_entry_offerings,
          uniq_grinder, uniq_duvessa
D:6:      layout_rooms, mainiacjoe_overflow_large_starburst,
          hangedman_decor_lopped, minmay_statues_item, uniq_blork_the_orc,
          uniq_sigmund, uniq_pikel
D:7:      layout_gridville, nicolae_overflow_hidden_temple,
          dreamdust_gnoll_shepherd, uniq_menkaure
D:8:      layout_loops_cross, cheibrodos_ashenzari_chains,
          amethyst_overflow_temple_binary, uniq_joseph
D:9:      layout_basic, due_lair_maze_entry_diamond

Skill      XL: |  1  2  3  4  5  6  7  8 |
---------------+-------------------------+-----
Axes           | 2 3 5 7 8 9 |  9.5
Armour         | 3 |  3.8
Fighting       | 4 |  4.1
Shields        | |  2.6

Action                     |  1- 3 |  4- 6 |  7- 9 || total
---------------------------+-------+-------+-------++-------
  Melee: War axe           |   101 |    60 |   129 ||   290
         Punch             |     1 |     1 |     1 ||     3
  Throw: Boomerang         |    32 |    17 |     9 ||    58
 Invoke: Sacrifice Arcana  |     1 |       |       ||     1
         Reject Sacrifices |       |     1 |       ||     1
    Use: Scroll            |     7 |     3 |     2 ||    12
         Potion            |     1 |     5 |     2 ||     8
   Stab: Distracted        |       |       |     1 ||     1
 Armour: Scale mail        |     9 |       |       ||     9
         Chain mail        |    54 |    28 |    47 ||   129
         Skin              |       |    12 |       ||    12
  Dodge: Dodged            |    48 |    37 |    65 ||   150
  Block: Other             |     8 |    21 |    24 ||    53
         Reflection        |       |     2 |     2 ||     4
         Orb               |       |       |     3 ||     3

Table legend: (Time is in decaauts)
 A = Elapsed time spent in this place.
 B = Non-inter-level travel time spent in this place.
 C = Inter-level travel time spent in this place.
 D = Time resting spent in this place.
 E = Time spent auto-exploring this place.
 F = Levels seen in this place.
 G = Mean time per level.
                   A        B        C        D        E       F      G
               +--------+--------+--------+--------+--------+-----+--------+
         Total |   4885 |   4736 |    149 |    855 |   2780 |   9 |  542.8 |
       Dungeon |   4885 |   4736 |    149 |    855 |   2780 |   9 |  542.8 |
               +--------+--------+--------+--------+--------+-----+--------+

Top non-repeatable levels by time:
     D:4: 1278 daAuts
     D:3: 1034 daAuts
     D:2: 996 daAuts
     D:1: 688 daAuts
     D:8: 540 daAuts
     D:7: 214 daAuts
     D:5: 68 daAuts
     D:6: 62 daAuts
     D:9: 1 daAuts
